AoeStats
← WkxvII5228

Golden Pit

507596528Analyzed
1v1 RM · 12d ago on Sep 18, 2026· 16m 39s· 2 players
Game mode
Random Map
Map size
Tiny (2 player)
Population
200
Speed
Normal
Resources
Standard
Victory
Conquest
Starting age
Dark Age
Ending age
Imperial Age
RankedLock teamsTeams togetherTeam positionsShared explorationLock speedFull tech treeHidden civsTurbo modeCheats
Victory
Defeat
🇧🇷 Lithuanians · Brazil
1318
+16
🇧🇷 Romans · Brazil
1319
-16
TmZ_ Batera1983
6:39 Loom
9:14 Feudal Age
9:16 Man-at-Arms
15:02 Double-Bit Axe
16:37 Fletching
WkxvII5228
10:25 Feudal Age
15:46 Castle Age
14:09 Loom
14:54 Man-at-Arms
15:37 Scale Mail Armor
15:48 Long Swordsman
16:31 Double-Bit Axe
Connection lost

Rejoining the realm…

Still unreachable

The connection could not be restored.

Session expired

The server has moved on; the page needs a fresh start.